AoeStats
← [ Wildpigs ] Mighty MOSE

Oasis

510156810Analyzed
4v4 RM · 2d ago on Sep 29, 2026· 18m 43s· 8 players
Game mode
Random Map
Map size
Large (8 player)
Population
200
Speed
Normal
Resources
Standard
Victory
Conquest
Starting age
Dark Age
Ending age
Imperial Age
RankedLock teamsTeams togetherTeam positionsShared explorationLock speedFull tech treeHidden civsTurbo modeCheats
Victory
Defeat
🇩🇪 Britons · Germany
1340
+12
🇨🇱 Magyars · Chile
1325
+12
🇨🇱 Ethiopians · Chile
1255
+15
🇩🇪 Khmer · Germany
1242
+16
🇲🇽 Varangians · Mexico
1318
-16
🇲🇽 Vikings · Mexico
1259
-15
1246
-14
🇲🇽 Persians · Mexico
1152
-10
fastgg
8:50 Feudal Age
9:24 Double-Bit Axe
9:20 Horse Collar
16:40 Bloodlines
16:56 Forging
21:16 Castle Age
ttmenti88
6:37 Loom
8:47 Feudal Age
9:29 Double-Bit Axe
15:08 Fletching
15:50 Padded Archer Armor
Condorito
6:26 Loom
9:19 Feudal Age
10:00 Double-Bit Axe
11:40 Gold Mining
14:17 Fletching
15:09 Padded Archer Armor
NPG-Dastinx9999 T.TV
6:27 Loom
9:04 Feudal Age
9:50 Double-Bit Axe
19:08 Bloodlines
[ Wildpigs ] Er
7:33 Loom
9:53 Feudal Age
9:57 Man-at-Arms
15:14 Fletching
18:01 Padded Archer Armor
[ Wildpigs ] RonRon
6:19 Loom
9:40 Feudal Age
[ Wildpigs ] Mighty MOSE
7:13 Loom
9:28 Feudal Age
12:47 Forging
13:24 Scale Barding Armor
17:35 Double-Bit Axe
[ Wildpigs ] Carlofos
1:05 Loom
11:35 Feudal Age
12:22 Town Watch
Connection lost

Rejoining the realm…

Still unreachable

The connection could not be restored.

Session expired

The server has moved on; the page needs a fresh start.